 Dungeon Crawl Stone Soup version 0.19.0-19-g8c6edcc (webtiles) character file.

39 MaikelOrtega the Vexing (level 3, -9/20 HPs)
             Began as a Kobold Arcane Marksman on Nov 15, 2016.
             Mangled by a gnoll
             ... wielding a +0 halberd
              (15 damage)
             ... on level 2 of the Dungeon.
             The game lasted 00:15:41 (624 turns).

MaikelOrtega the Vexing (Kobold Arcane Marksman)     Turns: 624, Time: 00:15:42

Health: -9/20      AC:  2    Str:  8    XL:     3   Next: 67%
Magic:  4/4        EV: 16    Int: 14    God:
Gold:   30         SH:  0    Dex: 15    Spells: 1 memorised, 3 levels left

rFire  . . .     SeeInvis .     w - -1 hand crossbow (curse)
rCold  . . .     Gourm    +     e - +0 robe
rNeg   . . .     Faith    .     (shield restricted)
rPois  .         Spirit   .     (no helmet)
rElec  .         Reflect  .     (no cloak)
rCorr  .         Harm     .     (no gloves)
MR     .....                    (no boots)
Stlth  +.........               v - amulet of the gourmand
                                (no ring)
                                (no ring)

@: no status effects
A: carnivore 3
a: no special abilities


You were on level 2 of the Dungeon.
You were completely stuffed.

You visited 1 branch of the dungeon, and saw 2 of its levels.

You collected 30 gold pieces.

Inventory:

Hand Weapons
 a - a +1 hand crossbow
 g - a +0 club
 h - a +0 club
 k - a +0 club
 l - a cursed -3 club
 q - a +0 short sword
 s - a +0 short sword
 w - a cursed -1 hand crossbow (weapon)
Missiles
 b - 26 stones
 d - 32 bolts (quivered)
 r - 9 arrows
 t - 16 poisoned needles
Armour
 e - a +0 robe (worn)
Jewellery
 v - an amulet of the gourmand (around neck)
Scrolls
 p - 2 scrolls of magic mapping
Books
 c - a book of Debilitation

   Spells                             Type                      Level
   a - Corona                         Hexes                        1
   b - Slow                           Hexes                        2
   c - Gell's Gravitas                Hexes/Translocation          3
   d - Inner Flame                    Hexes/Fire                   3
   e - Cause Fear                     Hexes                        4
   f - Leda's Liquefaction            Hexes/Earth                  4
Comestibles
 f - a meat ration
 j - a bread ration
 m - 4 chunks of flesh


   Skills:
 + Level 1.1 Fighting
 + Level 0.3 Short Blades
 + Level 3.3 Crossbows
 + Level 3.0 Dodging
 + Level 1.1 Spellcasting
 + Level 3.5 Hexes


You had 3 spell levels left.
You knew the following spells:

 Your Spells              Type           Power        Failure   Level  Hunger
a - Corona                Hex            ##.....      10%         1    ##.....


Dungeon Overview and Level Annotations

Branches:
Dungeon (2/15)

Altars:


Innate Abilities, Weirdness & Mutations

You are small and have problems with some larger weapons.
You are carnivorous and can eat meat at any time.


Message History

The gnoll hits you from afar with a halberd.
A gnoll comes into view.
Unknown command.
You aren't carrying any potions.
You struggle against the net.
The gnoll hits you from afar with a halberd.
* * * LOW HITPOINT WARNING * * *
You struggle against the net.
The gnoll barely misses you.
You struggle against the net.
The gnoll barely misses you.
You shred the net and break free!
The gnoll shouts!
You see here an adder corpse.
You see here a club.
Found 10 gold pieces.
This spell is slightly dangerous to cast.
Memorise Gell's Gravitas, consuming 3 spell levels and leaving 0?
The gnoll hits you from afar with a halberd!
Your memorisation is interrupted.
Ouch! That really hurt!
You die...

*****,*
#.#########..).....#
,,,,,,*
#.....<......#######
******* ###########..#
********** #..#
,,,,,,,,,##### #..#
********,#...######..#
*,#.#.........#
*,#...######.##***
*,##S.$..@.#...,,*
##,*#######.#####,*
#.,* #g# *,* #.#* #.#
*,* #.# #g# *,* #.#
#g# *,* #*
#.#########.#####.* .*
#....g.g.......$..# .*
#..########.#######


You could see 3 gnolls and a ball python (wandering).

Vanquished Creatures
  A gnoll (D:2)
  An adder (D:2)
  A giant cockroach (D:1)
  4 goblins
  6 hobgoblins
  A bat (D:1)
  A frilled lizard (D:1)
  A kobold (D:1)
  4 rats (D:1)
20 creatures vanquished.

Notes
Turn   | Place    | Note
-------+----------+-------------------------------------------
     0 | D:1      | MaikelOrtega the Kobold Arcane Marksman began the quest for the Orb.
     0 | D:1      | Reached XP level 1. HP: 12/12 MP: 2/2
   106 | D:1      | Reached XP level 2. HP: 16/16 MP: 3/3
   539 | D:2      | Reached XP level 3. HP: 20/20 MP: 4/4
   624 | D:2      | Mangled by a gnoll

Skill      XL: |  1  2  3 |
---------------+----------+-----
Crossbows      | 3 |  3.3
Dodging        | 3 |  3.0
Fighting       | |  1.1
Short Blades   | |  0.3
Spellcasting   | |  1.1
Hexes          | |  3.5

Action                   || total
-------------------------++-------
Melee: Short sword       ||     8
 Fire: Hand crossbow     ||    39
 Cast: Corona            ||     1
  Use: Scroll            ||     5
       Potion            ||     2
  Eat: Chunk             ||     7
Armor: Robe              ||     3
Dodge: Dodged            ||    20
